 Dungeon Crawl Stone Soup version 0.13.0-11-g0187522 (webtiles) character file.

105723 4tharraofdagon the Ripper (level 15, -12/82 HPs)
             Began as a Felid Berserker on Oct 18, 2013.
             Was the Champion of Makhleb.
             Mangled by a merfolk impaler
             ... wielding a +1,+1 trident
              (16 damage)
             ... on Level 5 of the Shoals.
             The game lasted 03:06:36 (16540 turns).

4tharraofdagon the Ripper (Felid Berserker)        Turns: 16540, Time: 03:06:36

HP -12/82        AC  5     Str 13      XL: 15   Next: 57%
MP  27/31        EV 22     Int 11      God: Makhleb [******]
Gold 549         SH  0     Dex 20      Spells:  7 memorised,  3 levels left
Lives: 0, deaths: 4

Res.Fire  : . . .   See Invis. : +     - Unarmed
Res.Cold  : + + .   Warding    : .   (armour unavailable)
Life Prot.: . . .   Conserve   : .   (shield unavailable)
Res.Poison: +       Res.Corr.  : .   (helmet unavailable)
Res.Elec. : .       Clarity    : .   (cloak unavailable)
Sust.Abil.: . .     Spirit.Shd : .   (gloves unavailable)
Res.Mut.  : .       Stasis     : .   (boots unavailable)
Res.Rott. : .       Flight     : .   S - amulet of rage
Saprovore : . . .                    C - +0,+6 ring of slaying
                                     g - ring of fire

@: ice-form, about to teleport, very slightly contaminated, very resistant to
hostile enchantments, extremely stealthy
A: paw claws, no armour, no advanced items, (fangs 0), see invisible, carnivore
3, (fire resistance 0), (speed 0), (poison resistance), slow metabolism 1
a: End Transformation, Minor Destruction, Lesser Servant of Makhleb, Major
Destruction, Greater Servant of Makhleb, Renounce Religion, Evoke Berserk Rage
}: 1/15 runes: serpentine


You were on level 5 of the Shoals.
You worshipped Makhleb.
Makhleb was exalted by your worship.
You were completely stuffed.
You were a creature of crystalline ice.
You visited 5 branches of the dungeon, and saw 33 of its levels.
You also visited: Labyrinth and Bailey.

You collected 2263 gold pieces.
You spent 1734 gold pieces at shops.

Inventory:

Comestibles
 c - 13 meat rations
Scrolls
 a - 2 scrolls of teleportation
 f - 2 scrolls of identify
 i - 13 scrolls of remove curse
 l - a scroll of brand weapon {unknown}
 t - 2 scrolls of noise
 B - 4 scrolls of magic mapping
 K - a scroll of blinking
 V - 2 scrolls of fog
Jewellery
 g - a ring of fire (left paw)
 h - an uncursed amulet of conservation
 k - an uncursed ring of teleportation
 m - an uncursed amulet of the gourmand {unknown}
 A - an uncursed ring of positive energy
 C - a +0,+6 ring of slaying (right paw)
 H - an uncursed ring of protection from magic
 L - an uncursed ring of ice
 S - an amulet of rage (around neck)
 T - an uncursed ring of flight
 U - an uncursed ring of positive energy
Potions
 d - 5 potions of restore abilities
 e - 2 potions of brilliance
 j - 10 potions of curing
 s - 2 potions of strong poison {unknown}
 x - a potion of invisibility
 D - 2 potions of magic
 J - 4 potions of speed
 M - a potion of heal wounds
 N - a potion of mutation
 O - 2 potions of resistance
 P - a potion of berserk rage
Books
 q - the Compendium of Confrontation and Poison
   (You found it in a labyrinth)

   Spells                             Type                      Level
   Cure Poison                        Poison                       2
   Poison Weapon                      Charms/Poison                3
   Conjure Flame                      Conjuration/Fire             3
   Iron Shot                          Conjuration/Earth            6
   Bolt of Cold                       Conjuration/Ice              6
 r - a book of Changes

   Spells                             Type                      Level
   Beastly Appendage                  Transmutation                1
   Sticks to Snakes                   Transmutation                2
   Spider Form                        Transmutation/Poison         3
   *Ice Form                          Ice/Transmutation            4
   *Blade Hands                       Transmutation                5
 u - a book of the Dragon

   Spells                             Type                      Level
   Flight                             Charms/Air                   3
   Cause Fear                         Hexes                        4
   Bolt of Fire                       Conjuration/Fire             6
   *Dragon Form                       Transmutation                7
   Summon Dragon                      Summoning                    9
 z - a book of Necromancy

   Spells                             Type                      Level
   Pain                               Necromancy                   1
   *Animate Skeleton                  Necromancy                   1
   Lethal Infusion                    Charms/Necromancy            2
   Vampiric Draining                  Necromancy                   3
   *Regeneration                      Charms/Necromancy            3
   Animate Dead                       Necromancy                   4
   Control Undead                     Necromancy                   4
 E - a tome of Destruction
Miscellaneous
 b - a lantern of shadows
 n - a phial of floods
 o - a plain deck of war {Swap}
 y - a sack of spiders
 G - a plain deck of summonings {the Dance}
 Z - a phial of floods


   Skills:
 - Level 11.1 Fighting
 - Level 14.2 Dodging
 - Level 14.2 Stealth
 - Level 15.1 Unarmed Combat
 + Level 6.5 Spellcasting
 - Level 5.9 Charms
 - Level 3.3 Necromancy
 * Level 14.3 Transmutations
 - Level 10.4 Evocations


You had 3 spell levels left.
You knew the following spells:

 Your Spells              Type           Power        Failure   Level  Hunger
a - Animate Skeleton      Necr           N/A          6%          1    None
b - Regeneration          Chrm/Necr      ##........   10%         3    ###....
c - Dragon Form           Trmt           #####.....   54%         7    #######
d - Ice Form              Ice/Trmt       #.........   12%         4    ####...
e - Blade Hands           Trmt           #####.....   1%          5    #####..
f - Repel Missiles        Chrm/Air       ##........   10%         2    ##.....
g - Blink                 Tloc           N/A          30%         2    ##.....


Dungeon Overview and Level Annotations

Branches:
Dungeon (11/27)               Orc (4/4) D:11            Elf (0/3) Orc:4
   Lair (8/8) D:9          Shoals (5/5) Lair:4        Snake (5/5) Lair:4
  Slime (0/6) Lair:6
 Temple: D:4-7

Altars:
Ashenzari
Elyvilon
Fedhas
Makhleb
Nemelex Xobeh
Sif Muna
Trog
Zin
the Shining One
Beogh

Shops:
Orc:2 !   Orc:4 =[([   Snake:4 !

Annotations:
Orc:4 Saint Roka
Lair:2 exclusion: downstairs
Snake:1 Agnes


Innate Abilities, Weirdness & Mutations

You cannot wear armour.
You are incapable of any advanced item manipulation.
((Your paws have sharp claws.))*
((You have razor-sharp teeth.))*
You have supernaturally acute eyesight.
You are carnivorous and can eat meat at any time.
((You cover ground quickly.))*
((Your thick and shaggy fur keeps you warm (AC +3, rC+).))*
You have a slow metabolism.
((Your flesh is heat resistant.))*
((Your system is resistant to poisons.))*


Message History

You feel a little better.
Your skin stops crawling.
The merfolk impaler hits you but does no damage.
The merfolk aquamancer casts a spell at you.
The shard of ice hits you! You partially resist.
* * * LOW HITPOINT WARNING * * *
Unknown command.
Unknown command.
The merfolk aquamancer gestures at you while chanting.
The ball of steam hits you!
* * * LOW HITPOINT WARNING * * *
The merfolk impaler misses you.
Unknown command.
Unknown command.
You are engulfed in a cloud of scalding steam.
* * * LOW HITPOINT WARNING * * *
The water elemental is engulfed in a cloud of scalding steam.
The merfolk impaler is engulfed in a cloud of scalding steam.
The merfolk impaler hits you from afar with a trident!
You die...

≈≈≈≈≈≈≈≈≈≈≈≈≈≈≈≈≈≈#####.....
≈≈≈≈≈≈≈≈≈≈≈≈≈≈≈≈≈##...##....
≈≈≈≈≈≈≈≈≈≈≈≈≈≈≈≈≈#.....#....
≈≈≈≈≈≈≈≈≈≈≈≈≈≈≈≈≈≈#.....'....
≈≈≈≈≈≈≈≈≈≈≈≈≈≈≈≈≈≈#.....#..).
≈≈≈≈≈≈≈%≈(m≈≈≈≈≈≈≈##...##....
≈≈≈≈≈≈≈≈≈≈§§%≈≈≈≈≈≈≈#####.....
≈≈≈≈≈≈≈≈≈≈m§mE≈≈≈≈≈≈≈≈≈≈.......
≈P≈P≈≈≈≈E#####I≈≈≈≈≈≈≈≈≈≈≈.....
≈≈.≈≈≈≈≈# ##..≈≈≈≈≈≈≈≈≈≈≈≈≈≈
≈..≈.≈m≈≈# ....≈≈≈≈≈≈≈≈≈≈≈≈
EmP≈P.≈m§# H...≈≈≈≈≈≈≈≈≈≈≈≈
.≈≈≈≈≈≈≈≈# ....≈≈≈≈≈≈≈≈≈≈≈≈
.≈≈≈≈≈≈≈≈## ##....≈≈≈≈≈≈≈≈≈≈≈≈
≈≈≈≈≈≈≈≈≈m#####...≈≈≈≈.%%m)≈≈≈≈≈
m≈≈≈≈≈≈≈≈≈≈≈≈≈≈≈≈≈≈≈≈.m≈m≈(≈≈≈≈
..≈≈≈≈≈≈≈≈≈≈≈≈≈≈≈≈m≈≈≈#####(≈≈≈


You could see a merfolk impaler, a merfolk aquamancer, a manticore and a water
elemental.

Vanquished Creatures
  Margery (Snake:5)
  Donald (Snake:2)
  Maud (Lair:4)
  18 greater nagas
  2 merfolk impalers (Shoals:4)
  A siren (Shoals:1)
  A minotaur (Lab)
  3 merfolk aquamancers
  2 hydras
  Fannar (Shoals:1)
  4 anacondas
  Erica (Lair:2)
  A deep troll shaman (Lair:8)
  19 death yaks
  8 naga warriors
  An orc high priest (Orc:4)
  5 hell knights (Snake:5)
  2 catoblepae (Lair:8)
  7 sea snakes
  3 orc knights
  A hill giant (D:11)
  5 lindwurms
  A necromancer (Snake:5)
  2 cyclopes
  2 orc sorcerers (Orc:4)
  A griffon (Lair:8)
  18 guardian serpents
  5 elephants (Lair:8)
  4 spiny frogs
  Psyche (Orc:1)
  26 black mambas
  A mermaid (Shoals:5)
  A troll (D:9)
  A komodo dragon (Lair:4)
  11 naga magi
  3 fire drakes
  A blue devil (Orc:4)
  Prince Ribbit (D:6)
  3 snapping turtles
  10 blink frogs
  2 basilisks
  A shadow (D:11)
  2 octopodes (Shoals:5)
  13 water elementals
  A wyvern (D:11)
  35 yaks
  A redback (Lair:7)
  8 hippogriffs
  2 elephant slugs (Lair:8)
  20 merfolk
  Grum (Orc:1)
  A hill giant skeleton (D:11)
  A hungry ghost (D:8)
  15 wolves
  Edmund (D:6)
  9 manticores
  A sky beast (D:10)
  2 small abominations (Orc:4)
  6 porcupines
  51 nagas
  3 ice beasts
  2 giant goldfish (D:11)
  26 orc warriors
  4 black bears
  6 ogres
  A centaur (D:8)
  6 crocodiles
  Sigmund (D:2)
  5 giant slugs
  3 wargs
  2 big kobolds (D:11)
  15 giant frogs
  22 water moccasins
  2 jellyfish (D:11)
  4 wights (D:9)
  9 electric eels
  2 goliath beetles
  A giant frog zombie (D:11)
  2 crimson imps
  5 hounds
  A big fish (D:11)
  A jelly (D:11)
  27 orc priests
  A centaur skeleton (D:10)
  5 iguanas
  2 orange rats (Lair:8)
  26 orc wizards
  2 scorpions
  3 worker ants
  18 sheep
  A sky beast zombie (D:8)
  27 adders
  49 green rats
  2 giant centipedes
  13 gnolls (Bailey)
  5 worms
  4 giant geckos
  An ooze (D:2)
  166 orcs
  21 goblins
  8 hobgoblins
  17 jackals
  3 quokkas
  14 bats
  A giant cockroach (D:8)
  25 kobolds
  2 kobold skeletons
  An orc skeleton (D:7)
  An orc zombie (D:7)
  5 rats
  A tentacle (Shoals:4)
927 creatures vanquished.

Vanquished Creatures (collateral kills)
  Rupert (Snake:1)
  A naga warrior (Snake:5)
  An oklob plant (Snake:2)
  A black mamba (Snake:5)
  2 guardian serpents (Snake:5)
  2 naga magi (Snake:5)
  A merfolk (Shoals:5)
  A manticore (Shoals:5)
  2 orc warriors (Orc:4)
  4 nagas (Snake:5)
  A giant frog (D:7)
  4 water moccasins
  An orc wizard (D:7)
  4 adders
  2 orcs (D:7)
  A tentacle (Shoals:4)
29 creatures vanquished.

Vanquished Creatures (others)
  A green death (Snake:5)
  An anaconda skeleton (Snake:5)
  A black mamba (Snake:5)
  A felid skeleton (Snake:5)
  2 sea snake skeletons
  A guardian serpent skeleton (Snake:5)
  6 black mamba skeletons (Snake:5)
  4 human skeletons (Snake:5)
  A snapping turtle skeleton (Shoals:5)
  5 merfolk skeletons
  A mermaid skeleton (Shoals:5)
  4 manticore skeletons (Shoals:5)
  A cyclops skeleton (Shoals:5)
  A hippogriff skeleton (Shoals:5)
  A hound (D:8)
  25 naga skeletons (Snake:5)
  A scorpion (D:8)
  A water moccasin skeleton (Snake:5)
  2 adder skeletons (Snake:5)
  An orc (D:11)
  A giant spore (D:8)
  A bush (Lair:2)
  3 fungi (Lair:8)
  3 plants (Lair:8)
  12 tentacles (Shoals:4)
  60 tentacle segments (Shoals:4)
141 creatures vanquished.

Grand Total: 1097 creatures vanquished

Notes
Turn   | Place    | Note
--------------------------------------------------------------
     0 | D:1      | 4tharraofdagon, the Felid Berserker, began the quest for the Orb.
     0 | D:1      | Reached XP level 1. HP: 10/10 MP: 1/1
    94 | D:2      | Noticed Sigmund
   104 | D:2      | Killed Sigmund
   104 | D:2      | Reached XP level 2. HP: 14/14 MP: 2/2
   104 | D:2      | Reached XP level 3. HP: 18/18 MP: 4/4
   104 | D:2      | Reached XP level 4. HP: 21/21 MP: 6/6
   287 | D:5      | Entered Level 5 of the Dungeon
   303 | D:5      | Found a bloodstained altar of Trog.
   502 | D:6      | Noticed an ogre
   510 | D:6      | Killed an ogre
   510 | D:6      | Reached skill level 5 in Dodging
   510 | D:6      | Reached XP level 5. HP: 25/25 MP: 7/7
   559 | D:7      | DIE
   634 | D:7      | Found a bloodstained altar of Trog.
   634 | D:7      | Noticed a black bear
   634 | D:7      | Noticed a black bear
   642 | D:7      | Noticed an ogre
   642 | D:7      | Noticed an orc warrior
   670 | D:7      | Gained mutation: You are covered in thick fur (AC +2). [growing up]
   670 | D:7      | Reached XP level 6. HP: 10/29 MP: 9/9
   675 | D:7      | Killed a black bear
   675 | D:7      | Reached skill level 5 in Unarmed Combat
   676 | D:7      | HP: 1/43 [black bear (3)]
   676 | D:7      | Slain by a black bear
   677 | D:7      | Reached XP level 5. HP: -2/37 MP: 7/7
   765 | D:7      | Noticed an orc warrior
   776 | D:7      | Killed an orc warrior
   776 | D:7      | Reached XP level 6. HP: 29/29 MP: 9/9
   781 | D:7      | Acquired Trog's second power
   955 | D:9      | Found a staircase to the Lair.
   955 | D:9      | Noticed a fire drake
  1024 | D:9      | Killed a fire drake
  1024 | D:9      | Reached skill level 6 in Dodging
  1028 | D:9      | Reached XP level 7. HP: 14/33 MP: 11/11
  1060 | Lair:1   | Entered Level 1 of the Lair of Beasts
  1060 | Lair:1   | Noticed a seven-headed hydra
  1132 | Lair:1   | timbw: FE highscore
  1144 | Lair:1   | timbw: is unbeatable
  1147 | Lair:1   | timbw: sorry
  1149 | Lair:1   | Slain by an iguana
  1150 | Lair:1   | Reached XP level 6. HP: 0/29 MP: 9/9
  1166 | Lair:2   | Noticed a spiny frog
  1172 | Lair:2   | Noticed a yak
  1173 | Lair:2   | Noticed a yak
  1174 | Lair:2   | Noticed a yak
  1179 | Lair:2   | Killed a spiny frog
  1179 | Lair:2   | Reached skill level 5 in Fighting
  1179 | Lair:2   | Reached skill level 5 in Stealth
  1179 | Lair:2   | Reached skill level 1 in Evocations
  1179 | Lair:2   | Reached XP level 7. HP: 33/33 MP: 9/12
  1182 | Lair:2   | Killed a yak
  1183 | Lair:2   | Noticed a yak
  1184 | Lair:2   | Killed a yak
  1184 | Lair:2   | Reached skill level 7 in Dodging
  1191 | Lair:2   | Killed a yak
  1191 | Lair:2   | Reached XP level 8. HP: 37/37 MP: 9/15
  1195 | Lair:2   | Killed a yak
  1244 | Lair:2   | Noticed an eight-headed hydra
  1306 | Lair:2   | 4tharraofdagon: i know
  1333 | Lair:3   | 4tharraofdagon: this is just rage attempt
  1333 | Lair:3   | Found a white marble altar of Elyvilon.
  1352 | Lair:3   | Noticed a four-headed hydra
  1550 | Lair:3   | Found a labyrinth entrance.
  1565 | Lab      | Entered a labyrinth
  1569 | Lab      | 4tharraofdagon: im goin to scratch his eyes off
  1690 | Lab      | fu
  2105 | Lab      | where are ya
  2140 | Lab      | Noticed a minotaur
  2147 | Lab      | Killed a minotaur
  2147 | Lab      | Reached skill level 8 in Dodging
  2147 | Lab      | Reached XP level 9. HP: 40/40 MP: 17/19
  2153 | Lab      | Identified the Incunabulum of Attacks and Flames (You found it in a labyrinth)
  2153 | Lab      | Identified the Compendium of Confrontation and Poison (You found it in a labyrinth)
  2160 | Lab      | :(
  2237 | Lair:4   | Found a staircase to the Shoals.
  2241 | Lair:4   | JacquesDerrida: cats win
  2249 | Lair:4   | JacquesDerrida: dogs die
  2257 | Lair:4   | JacquesDerrida: such is life
  2452 | Lair:5   | JacquesDerrida: and eaten
  2461 | Lair:6   | Found a staircase to the Slime Pits.
  2486 | Lair:6   | Reached skill level 9 in Unarmed Combat
  2694 | Lair:5   | Noticed a fire drake
  2705 | Lair:5   | Killed a fire drake
  2718 | Lair:5   | Reached XP level 10. HP: 45/45 MP: 21/21
  2885 | Lair:8   | Entered Level 8 of the Lair of Beasts
  2885 | Lair:8   | Noticed an eight-headed hydra
  2897 | Lair:8   | Noticed a griffon
  2912 | Lair:8   | Noticed a death yak
  2912 | Lair:8   | Noticed a death yak
  2912 | Lair:8   | Noticed a death yak
  2914 | Lair:8   | Noticed a death yak
  2916 | Lair:8   | Noticed an elephant
  2916 | Lair:8   | Noticed an elephant
  2916 | Lair:8   | Noticed an elephant
  2916 | Lair:8   | Noticed an elephant
  2995 | Lair:8   | Reached skill level 10 in Unarmed Combat
  3041 | Lair:8   | Killed a griffon
  3117 | Lair:7   | JacquesDerrida: grinding noise
  3156 | Lair:7   | JacquesDerrida: it's people not going fast enough
  3177 | Lair:7   | JacquesDerrida: stick on these kobold levels
  3192 | Lair:7   | JacquesDerrida: stuck
  3298 | Lair:8   | Killed an elephant
  3298 | Lair:8   | Reached skill level 10 in Dodging
  3310 | Lair:8   | Reached skill level 10 in Stealth
  3432 | Lair:8   | Noticed a death yak
  3432 | Lair:8   | Killed a death yak
  3439 | Lair:8   | Killed a death yak
  3439 | Lair:8   | Reached skill level 11 in Unarmed Combat
  3439 | Lair:8   | Reached XP level 11. HP: 34/50 MP: 22/22
  3443 | Lair:8   | HP: 2/75 [death yak (9)]
  3445 | Lair:8   | Killed a death yak
  3728 | Lair:8   | Noticed a catoblepas
  3732 | Lair:8   | Noticed a death yak
  3801 | Lair:8   | Killed an elephant
  3822 | Lair:8   | HP: 1/50 [catoblepas/blast of calcifying dust (4)]
  3825 | Lair:8   | Killed from afar by a catoblepas
  3826 | Lair:8   | Reached XP level 10. HP: 0/46 MP: 21/21
  3845 | Lair:8   | Killed a catoblepas
  3916 | Lair:8   | Noticed a death yak
  3916 | Lair:8   | Noticed a death yak
  3930 | Lair:8   | Killed a death yak
  3935 | Lair:8   | Killed a death yak
  3941 | Lair:8   | Killed a death yak
  3941 | Lair:8   | Reached skill level 12 in Unarmed Combat
  3984 | Lair:8   | Noticed a deep troll shaman
  3985 | Lair:8   | Noticed a lindwurm
  3999 | Lair:8   | JacquesDerrida: nice hp
  4035 | Lair:8   | 4tharraofdagon: ty
  4039 | Lair:8   | Killed a lindwurm
  4039 | Lair:8   | Reached XP level 11. HP: 51/51 MP: 22/22
  4086 | Lair:8   | JacquesDerrida: that persistent grinding noise
  4096 | Lair:8   | JacquesDerrida: crawlers never change
  4104 | Lair:8   | Killed a deep troll shaman
  4148 | Lair:8   | Noticed an elephant
  4149 | Lair:8   | Noticed an elephant
  4171 | Lair:8   | Killed an elephant
  4181 | Lair:8   | Noticed an elephant
  4194 | Lair:8   | Killed an elephant
  4197 | Lair:8   | Killed an elephant
  4231 | Lair:8   | Noticed a catoblepas
  4268 | Lair:8   | Killed a catoblepas
  4404 | Lair:8   | Killed an eight-headed hydra
  4450 | Lair:8   | Bloax: the enemy of mine
  4455 | Lair:8   | Bloax: isn't he of your kind
  4455 | Lair:8   | Killed a death yak
  4458 | Lair:8   | Killed a death yak
  4517 | Lair:8   | 4tharraofdagon: any idea what can i do next
  4517 | Lair:8   | Bloax: hell
  4517 | Lair:8   | Daniel: ctrl q
  4517 | Lair:8   | Bloax: no but what branches do you have
  4517 | Lair:8   | 4tharraofdagon: shoals for sure
  4517 | Lair:8   | JacquesDerrida: learn summon dogs
  4517 | Lair:8   | JacquesDerrida: and kill the,
  4517 | Lair:8   | JacquesDerrida: m
  4517 | Lair:8   | 4tharraofdagon: never!
  4517 | Lair:8   | Daniel: somme doge
  4517 | Lair:8   | Daniel: summon doge*
  4517 | Lair:8   | 4tharraofdagon: me afraids of dogs
  4517 | Lair:8   | Bloax: wow
  4517 | Lair:8   | Bloax: such fear
  4517 | Lair:8   | Daniel: wow
  4517 | Lair:8   | Bloax: much laughter
  4517 | Lair:8   | JacquesDerrida: you have to confront your fears
  4517 | Lair:8   | Bloax: wow
  4517 | Lair:8   | 4tharraofdagon: NEVA
  4523 | Lair:8   | JacquesDerrida: Neva is a river
  4540 | Lair:8   | Daniel: dungeon maybe
  4549 | Lair:7   | Daniel: until vaults
  4549 | Lair:7   | JacquesDerrida: there are dogs swimming in it
  4549 | Lair:7   | Daniel: than orc?
  4549 | Lair:7   | hello
  4549 | Lair:7   | Bloax: neva da riva
  4580 | Lair:7   | JacquesDerrida: hera of riva
  4617 | Lair:7   | JacquesDerrida: witcha
  4671 | Lair:6   | Reached skill level 5 in Evocations
  4688 | Lair:6   | Noticed a death yak
  4691 | Lair:6   | hi
  4725 | Lair:6   | Noticed a death yak
  4725 | Lair:6   | Noticed a death yak
  4726 | Lair:6   | Noticed a death yak
  4726 | Lair:6   | Noticed a death yak
  4728 | Lair:6   | Noticed a death yak
  4743 | Lair:6   | Killed a death yak
  4743 | Lair:6   | Reached skill level 13 in Unarmed Combat
  4748 | Lair:6   | Killed a death yak
  4748 | Lair:6   | Gained mutation: Your thick and shaggy fur keeps you warm (AC +3, rC+). [growing up]
  4748 | Lair:6   | Reached XP level 12. HP: 55/55 MP: 22/24
  4754 | Lair:6   | Killed a death yak
  4757 | Lair:6   | Daniel: woot 3 ac
  4766 | Lair:6   | JacquesDerrida: SHAGGY FUR
  4823 | Lair:6   | JacquesDerrida: you meow for attention
  4824 | Lair:6   | Killed a death yak
  4827 | Lair:6   | Killed a death yak
  4833 | Lair:6   | JacquesDerrida: you purr out of pure joy
  4884 | Lair:6   | Reached skill level 10 in Fighting
  4939 | Lair:6   | JacquesDerrida: MEOW
  4946 | Lair:6   | Killed a death yak
  5052 | Lair:5   | lets dance
  5194 | Lair:5   | Noticed a fire drake
  5250 | Lair:4   | Acquired Trog's third power
  5264 | Lair:4   | Noticed a lindwurm
  5266 | Lair:4   | JacquesDerrida: DED
  5272 | Lair:4   | Killed a lindwurm
  5274 | Lair:4   | Noticed a lindwurm
  5274 | Lair:4   | Noticed a lindwurm
  5274 | Lair:4   | Noticed a lindwurm
  5276 | Lair:4   | Killed a lindwurm
  5280 | Lair:4   | Killed a lindwurm
  5285 | Lair:4   | JacquesDerrida: yay boots
  5288 | Lair:4   | Killed a lindwurm
  5290 | Lair:4   | Bloax: meowstabber
  5316 | Lair:4   | 4tharraofdagon: nice ITANS
  5319 | Lair:4   | Bloax: hiss
  5325 | Lair:4   | JacquesDerrida: wand of healing
  5357 | Lair:4   | Noticed Maud
  5362 | Lair:4   | JacquesDerrida: of mega healing
  5380 | Lair:4   | JacquesDerrida: super duper
  5402 | Lair:4   | Daniel: mega heal
  5402 | Lair:4   | Killed Maud
  5405 | Lair:4   | Daniel: ultra heal
  5422 | Lair:4   | JacquesDerrida: m-m-monter heal
  5450 | Lair:4   | Daniel: :)
  5548 | Lair:4   | Daniel: dota2 has more viewer than lol on twitch
  5558 | Lair:4   | Found a staircase to the Snake Pit.
  5563 | Lair:4   | Daniel: never seen that before
  5605 | Lair:4   | Noticed a spiny frog
  5610 | Lair:4   | JacquesDerrida: who are all these people
  5621 | Lair:4   | Killed a spiny frog
  5639 | Lair:4   | Noticed a black mamba
  5655 | Lair:4   | Daniel: who?
  5664 | Lair:4   | JacquesDerrida: time for fish lunch
  5673 | Lair:4   | Bloax: i can bet you one of those streams has more viewers than there are players on webtiles
  5678 | Lair:4   | JacquesDerrida: twitch and that dota guy
  5737 | Lair:4   | Daniel: thats true Bloax
  5747 | Lair:4   | Bloax: and yet
  5750 | Lair:4   | Bloax: what's the better game
  5763 | Lair:4   | Reached XP level 13. HP: 60/60 MP: 28/28
  5764 | Lair:4   | JacquesDerrida: hide and seek
  5771 | Lair:4   | Daniel: not sure Kappa
  5792 | Lair:4   | Bloax: or rip and tear simulator
  5801 | Lair:3   | JacquesDerrida: hide and RIP
  5887 | Lair:3   | Noticed an eight-headed hydra
  6044 | Lair:1   | JacquesDerrida: a-b -- purr that temporary charms humanoid enemies
  6063 | Lair:1   | Noticed a fire drake
  6189 | Lair:1   | Killed a seven-headed hydra
  6189 | Lair:1   | Reached skill level 14 in Unarmed Combat
  6260 | D:9      | Bloax: mirror
  6264 | D:8      | Bloax: mirror
  6265 | D:8      | Bloax: on the wall
  6267 | D:9      | Bloax: i see
  6269 | D:9      | Bloax: the end of all
  6332 | D:10     | Entered Level 10 of the Dungeon
  6475 | D:11     | ROAR!
  6510 | D:10     | Bloax: well there's a possibility of acquirement
  6527 | D:10     | JacquesDerrida: there are precious enchant weapon scroll waiting
  6527 | D:10     | Bloax: or some potions
  6654 | D:11     | Found a flagged portal.
  6665 | Bailey   | Entered a bailey
  6668 | Bailey   | JacquesDerrida: NOT FAST ENOUGH
  6671 | Bailey   | JacquesDerrida: oh
  6681 | Bailey   | JacquesDerrida: shiiiet
  6710 | Bailey   | JacquesDerrida: looks like that ELECTRO bailey
  6760 | Bailey   | 4tharraofdagon: electrocity
  6765 | Bailey   | JacquesDerrida: kobold of returning
  6806 | Bailey   | JacquesDerrida: knight
  6807 | Bailey   | JacquesDerrida: very brave
  6820 | Bailey   | 4tharraofdagon: no,u
  6852 | Bailey   | JacquesDerrida: you hear a crackle of bravery
  6868 | D:11     | JacquesDerrida: potions of blood!
  6896 | D:11     | JacquesDerrida: of virgin blood
  6945 | D:11     | JacquesDerrida: corrodes your teeth
  7039 | D:11     | JacquesDerrida: dogs
  7162 | D:11     | Bloax: watch out
  7166 | D:11     | Bloax: its doge
  7301 | D:11     | JacquesDerrida: it's gerogerigegege
  7339 | D:11     | JacquesDerrida: citadel of peace
  7355 | D:11     | JacquesDerrida: peaceful citadel of peace
  7448 | D:11     | JacquesDerrida: how you shoot big balls of fire
  7452 | D:11     | JacquesDerrida: you are cat
  7470 | D:11     | JacquesDerrida: a cat without a hat
  7494 | D:11     | Daniel: http://i.imgur.com/QAHN6zN.jpg
  7494 | D:11     | 4tharraofdagon: im mature cat
  7494 | D:11     | 4tharraofdagon: and i can take whatever fanaberies i like
  7548 | D:11     | JacquesDerrida: you are very strong and independent cat
  7573 | D:11     | JacquesDerrida: watch put for that brave
  7621 | D:11     | Found a staircase to the Orcish Mines.
  7667 | D:11     | JacquesDerrida: this is some diabolical magic
  7670 | Orc:1    | Entered Level 1 of the Orcish Mines
  7699 | Orc:1    | 4tharraofdagon: you dont wanna turn your back on me
  7700 | Orc:1    | 4tharraofdagon: when at least expected i come with a wicked method
  7722 | Orc:1    | Noticed Psyche
  7728 | Orc:1    | Killed Psyche
  7776 | Orc:1    | JacquesDerrida: TOME 4
  7812 | Orc:1    | JacquesDerrida: you shoot roguelike within roguelike
  7834 | Orc:1    | JacquesDerrida: how kul is this
  7841 | Orc:1    | JacquesDerrida: i say
  7858 | Orc:1    | JacquesDerrida: veeeery kul
  7867 | Orc:1    | JacquesDerrida: like wooow
  7954 | Orc:2    | JacquesDerrida: you are the first person to use that item
  7966 | Orc:2    | JacquesDerrida: ever
  7974 | Orc:2    | JacquesDerrida: forever
  7979 | Orc:2    | 4tharraofdagon: yes
  7979 | Orc:2    | 4tharraofdagon: ant those
  7979 | Orc:2    | 4tharraofdagon: paws
  7979 | Orc:2    | 4tharraofdagon: PAWS OF FURRY
  8052 | Orc:3    | :o
  8149 | Orc:3    | JacquesDerrida: so cold
  8284 | Orc:3    | JacquesDerrida: why green of all colors
  8375 | Orc:3    | gammafunk: oh man, too bad it's not trunk
  8380 | Orc:3    | Found a roughly hewn altar of Beogh.
  8400 | Orc:3    | JacquesDerrida: open!
  8406 | Orc:3    | JacquesDerrida: there is
  8406 | Orc:3    | JacquesDerrida: a whole new world
  8407 | Orc:3    | JacquesDerrida: behind that door
  8417 | Orc:3    | JacquesDerrida: and more
  8449 | Orc:3    | 4tharraofdagon: derrida
  8449 | Orc:3    | 4tharraofdagon: 2much philosophing
  8489 | Orc:3    | gammafunk: cats can't even read philosophy books
  8501 | Orc:3    | 4tharraofdagon: im working on it
  8501 | Orc:3    | gammafunk: haha
  8501 | Orc:3    | 4tharraofdagon: but it doesnt go gut :(
  8615 | Orc:3    | JacquesDerrida: philosophy of the claw
  8639 | Orc:2    | JacquesDerrida: very chinesque
  8658 | Orc:2    | Found Varo's Distillery.
  8747 | Orc:2    | tricks from hell
  8747 | Orc:2    | Bought a potion of curing for 22 gold pieces
  8747 | Orc:2    | Bought a potion of agility for 27 gold pieces
  8747 | Orc:2    | Bought a potion of poison for 11 gold pieces
  8748 | Orc:2    | timbw: did you win gamma?
  8748 | Orc:2    | 4tharraofdagon: drag form mmm
  8748 | Orc:2    | 4tharraofdagon: can i evoke in dragon form?
  8748 | Orc:2    | timbw: yes
  8764 | Orc:2    | JacquesDerrida: dragon with 100 hp
  8784 | Orc:2    | timbw: it probably sucks
  8795 | Orc:1    | timbw: shit ev and no life
  8798 | Orc:1    | JacquesDerrida: with colorless scales
  8803 | Orc:1    | Noticed Grum
  8814 | Orc:1    | JacquesDerrida: very sad scales
  8814 | Orc:1    | timbw: 16 ac 7 ev
  8837 | Orc:1    | Killed Grum
  8843 | Orc:1    | timbw: idk if you keep that innate cold res in dform
  8867 | Orc:1    | JacquesDerrida: Wp: -) Gums
  8898 | Orc:1    | 4tharraofdagon: well i can ice/drag whatever res ill need
  8898 | Orc:1    | timbw: sure
  8942 | Orc:4    | Entered Level 4 of the Orcish Mines
  8964 | Orc:4    | Found a roughly hewn altar of Beogh.
  9008 | Orc:4    | Found a roughly hewn altar of Beogh.
  9015 | Orc:4    | JacquesDerrida: D:
  9034 | Orc:4    | JacquesDerrida: olmost ded
  9105 | Orc:4    | JacquesDerrida: int 10
  9109 | Orc:4    | Found a staircase to the Elven Halls.
  9112 | Orc:4    | JacquesDerrida: no dragons
  9247 | Orc:4    | Found a roughly hewn altar of Beogh.
  9271 | Orc:4    | Found Ejanu's Jewellery Boutique.
  9276 | Orc:4    | Bought an uncursed ring of poison resistance for 240 gold pieces
  9276 | Orc:4    | Bought an uncursed amulet of rage for 480 gold pieces
  9276 | Orc:4    | Bought an uncursed ring of flight for 210 gold pieces
  9276 | Orc:4    | Bought an uncursed ring of positive energy for 240 gold pieces
  9357 | Orc:4    | Found a roughly hewn altar of Beogh.
  9442 | Orc:4    | who let the dogs out
  9451 | Orc:4    | JacquesDerrida: orcee
  9459 | Orc:4    | JacquesDerrida: saint roka
  9483 | Orc:4    | Noticed Saint Roka
  9486 | Orc:4    | JacquesDerrida: )))
  9497 | Orc:4    | JacquesDerrida: Fire storm!
  9596 | Orc:4    | fu
  9850 | Orc:4    | timbw: :(
  9850 | Orc:4    | 4tharraofdagon: trunk felids any better?
  9857 | Orc:4    | timbw: you cant use wands in dragonform
  9860 | Orc:4    | timbw: as felid
  9861 | Orc:4    | timbw: lame
  9861 | Orc:4    | 4tharraofdagon: i know
  9868 | Orc:4    | timbw: you can with other species
  9872 | Orc:4    | timbw: I wasnt sure
  9911 | Orc:4    | timbw: also
  9922 | Orc:4    | timbw: the cold resistance and ac muts
  9923 | Orc:4    | Found Mosaxt's Antique Armour Emporium.
  9923 | Orc:4    | Found a roughly hewn altar of Beogh.
  9926 | Orc:4    | timbw: disapear
 10024 | Orc:4    | Found a roughly hewn altar of Beogh.
 10026 | Orc:4    | Found Twiwot's Antique Armour Shoppe.
 10031 | Orc:4    | Found Kloustrio's Antique Weapon Emporium.
 10133 | D:11     | Gained mutation: Your flesh is heat resistant. [potion of beneficial mutation]
 10134 | D:11     | Gained mutation: Your system is resistant to poisons. [potion of beneficial mutation]
 10135 | D:11     | JacquesDerrida: fantastic!
 10225 | D:8      | Found a shattered altar of Ashenzari.
 10225 | D:8      | Noticed a hungry ghost
 10230 | D:8      | Killed a hungry ghost
 10240 | D:8      | Bloax: http://imgur.com/gallery/3j1jA
 10240 | D:8      | Bloax: http://imgur.com/gallery/jVN9u/new
 10240 | D:8      | Bloax: interesting
 10240 | D:8      | 4tharraofdagon: mhm
 10240 | D:8      | Found a deep blue altar of Sif Muna.
 10339 | D:7      | Identified a scroll of acquirement
 10339 | D:7      | 4tharraofdagon: can i evoke phial?
 10345 | D:7      | timbw: yes
 10355 | D:7      | timbw: you can use the new evos in dform
 10364 | D:7      | timbw: or just as normal felid
 10465 | D:7      | Killed a black bear
 10471 | D:7      | JacquesDerrida: medieval armour is GDA and crystal plate
 10481 | D:7      | Bloax: also plate armour
 10485 | D:7      | JacquesDerrida: nothing else
 10491 | D:6      | JacquesDerrida: nooo it's a fable!
 10502 | D:6      | Bloax: and chainmail
 10516 | D:6      | JacquesDerrida: dragon armour is the only armour!
 10546 | D:6      | timbw: only golden ones
 10600 | D:6      | Noticed a giant frog
 10609 | D:6      | Killed a giant frog
 10619 | D:6      | JacquesDerrida: also middle ages are a lie
 10693 | D:6      | Bloax: next thing you'll say is that the holocaust never happened
 10706 | D:6      | Noticed Edmund
 10708 | D:6      | Found a glowing silver altar of Zin.
 10709 | D:6      | Found a sparkling altar of Nemelex Xobeh.
 10710 | D:6      | Found a blossoming altar of Fedhas.
 10711 | D:6      | Killed Edmund
 10732 | D:6      | timbw: no thats illegal
 10737 | D:6      | timbw: and upsets people
 10754 | D:6      | Noticed Prince Ribbit
 10758 | D:6      | Found a burning altar of Makhleb.
 10767 | D:6      | JacquesDerrida: nooo
 10767 | D:6      | Fell from the grace of Trog
 10767 | D:6      | Became a worshipper of Makhleb the Destroyer
 10770 | D:6      | JacquesDerrida: holocaust is illegal
 10771 | D:6      | JacquesDerrida: hence
 10775 | D:6      | Killed Prince Ribbit
 10780 | D:6      | JacquesDerrida: if holocaust never happened
 10783 | D:6      | JacquesDerrida: it's legal
 10789 | D:6      | Bloax: henceforth it shall be known as endlosung
 10829 | D:8      | JacquesDerrida: so let's obey the law
 10829 | D:8      | JacquesDerrida: it never happened!
 10884 | D:8      | Learned a level 1 spell: Animate Skeleton
 10888 | D:8      | Learned a level 3 spell: Regeneration
 10888 | D:8      | JacquesDerrida: people are starting to leave
 10888 | D:8      | Bloax: spydah form
 10888 | D:8      | timbw: 5 basedmg
 10888 | D:8      | timbw: good i heard
 10888 | D:8      | Bloax: felids have 6
 10888 | D:8      | Bloax: but spiders have superior ev
 10888 | D:8      | Bloax: and speed
 10888 | D:8      | timbw: felids ahve only 6?
 10888 | D:8      | Bloax: felid claws are claws:1
 10888 | D:8      | 4tharraofdagon: can i make anacondas with this?
 10888 | D:8      | Bloax: afaik
 10888 | D:8      | timbw: thats gotta be higher then 6 base
 10888 | D:8      | timbw: normal uc gott a be higher then 6
 10888 | D:8      | Bloax: normal uc is 3
 10888 | D:8      | timbw: no
 10888 | D:8      | timbw: that is bat uc
 10892 | D:8      | Learned a level 3 spell: Spider Form
 10892 | D:8      | Bloax: Base for forms: Normal/Hog 3, Spider 5 (venom), Bat 1, Vampire bat 2 (vamp), Ice beast 12 (ice), Blade hands 8 + (str + dex) / 3, Statue (6 + str / 3), Dragon 12 + str*2/3, Lich 5 (drain). Form base damage scales with skill, just like normal punches.
 10893 | D:8      | Found a bloodstained altar of Trog.
 10908 | D:8      | timbw: yes I just saw
 10912 | D:8      | timbw: you are right
 10913 | D:8      | timbw: omg
 10916 | D:8      | timbw: uc is shit
 10920 | D:8      | Bloax: Claws are +3*level
 10930 | D:8      | Bloax: Not really.
 10954 | D:8      | Bloax: Since UC base damage is base+UCskill
 10979 | D:8      | Bloax: aka 30 at 27
 10979 | D:8      | JacquesDerrida: uc is gut
 10992 | D:8      | Bloax: unarmed is the strongest spriggan weapon
 10995 | D:9      | JacquesDerrida: us is gut
 10995 | D:9      | Bloax: hilariously enough
 11013 | D:9      | Acquired Makhleb's first power
 11071 | D:9      | Noticed a troll
 11076 | D:9      | Bloax: oi
 11085 | D:9      | Bloax: Could you check the % screen?
 11086 | D:9      | Killed a troll
 11096 | D:9      | JacquesDerrida: Properly made armour does not restrict movement,
 11127 | D:9      | JacquesDerrida: yeah movement of rich and noble knights
 11153 | D:9      | Bloax: peasants couldn't be in the army
 11167 | D:9      | Bloax: they were far too worn out from the hard work
 11171 | D:10     | Bloax: and utterly unsuitable for the whole army stuff
 11171 | D:10     | JacquesDerrida: well who says peasants. ordinary soldiers in some cases were also underequipped
 11225 | Lair:1   | Bloax: That's because equipment is extremely expensive.
 11227 | Lair:2   | Noticed a yak
 11227 | Lair:2   | Noticed a yak
 11227 | Lair:2   | Noticed a yak
 11228 | Lair:2   | Noticed a yak
 11232 | Lair:2   | Noticed a yak
 11237 | Lair:2   | Noticed a yak
 11238 | Lair:2   | Killed a yak
 11247 | Lair:2   | JacquesDerrida: and mining is also shit
 11255 | Lair:2   | Killed a yak
 11263 | Lair:2   | Killed a yak
 11264 | Lair:2   | Killed a yak
 11268 | Lair:2   | Killed a yak
 11268 | Lair:2   | Reached skill level 1 in Spellcasting
 11272 | Lair:2   | Killed a yak
 11320 | Lair:2   | Noticed Erica
 11325 | Lair:2   | JacquesDerrida: so majority just dies from dirty wounds in pain and agony
 11326 | Lair:2   | JacquesDerrida: very long
 11329 | Lair:2   | Killed Erica
 11329 | Lair:2   | Reached skill level 1 in Charms
 11329 | Lair:2   | Reached skill level 1 in Transmutations
 11331 | Lair:2   | JacquesDerrida: good times
 11342 | Lair:2   | Bloax: yeah good old times
 11352 | Lair:2   | Bloax: of rubbing shit into your wounds and dying from infections
 11362 | Lair:2   | JacquesDerrida: sounds like modern africa
 11364 | Lair:2   | Bloax: until arab methodics came to europe
 11403 | Lair:3   | Bloax: let's also not forget the industrialization times
 11404 | Lair:3   | Acquired Makhleb's second power
 11465 | Lair:3   | Bloax: now you can't have 'fun' because that's 'childish'
 11517 | Lair:4   | Reached XP level 14. HP: 65/65 MP: 29/29
 11533 | Lair:4   | Learned a level 4 spell: Ice Form
 11534 | Snake:1  | Entered Level 1 of the Snake Pit
 11554 | Snake:1  | Noticed Agnes
 11555 | Snake:1  | omg
 11610 | Snake:1  | Noticed Rupert
 11611 | Snake:1  | there you are
 11611 | Snake:1  | Bloax: nice snake:1
 11611 | Snake:1  | 4tharraofdagon: gargupert strikes again!
 11611 | Snake:1  | Bloax: nah
 11611 | Snake:1  | Bloax: not gargoyle enough
 11613 | Snake:1  | Daniel: great sword of catnip
 11613 | Snake:1  | Bloax: YOU FEEL MIGHTEY
 11678 | Snake:1  | Reached skill level 15 in Unarmed Combat
 11709 | Snake:1  | Bloax: lmao
 11709 | Snake:1  | Killed Rupert
 11722 | Snake:1  | sry bud
 11773 | Snake:1  | ill face you asweel
 11773 | Snake:1  | aswell* you lucky bastard
 11786 | Snake:1  | JacquesDerrida: SHARP YOU CLAWS
 11808 | Snake:1  | JacquesDerrida: with that little wooden person
 11866 | Snake:1  | Reached skill level 10 in Evocations
 11867 | Snake:1  | Bloax: oo
 11877 | Snake:1  | Bloax: Headache over.
 11882 | Snake:1  | Bloax: Ping is fine.
 11891 | Snake:1  | Bloax: Time to gargupert!
 11902 | Snake:1  | Bloax: l8rs
 11963 | Snake:1  | Acquired Makhleb's third power
 11973 | Snake:1  | Learned a level 5 spell: Blade Hands
 12104 | Snake:2  | Noticed Donald
 12105 | Snake:2  | there you are
 12143 | Snake:2  | Killed Donald
 12143 | Snake:2  | Reached skill level 1 in Necromancy
 12145 | Snake:2  | JacquesDerrida: D: D: D:
 12148 | Snake:2  | 4tharraofdagon: there :D
 12169 | Snake:2  | 4tharraofdagon: my bollocks just grew a little
 12328 | Snake:2  | Found a glowing golden altar of the Shining One.
 12456 | Snake:4  | Reached skill level 5 in Charms
 12493 | Snake:5  | Entered Level 5 of the Snake Pit
 12568 | Snake:5  | Acquired Makhleb's fourth power
 12678 | Snake:5  | Reached skill level 5 in Transmutations
 12756 | Snake:5  | fu
 12976 | Snake:5  | Noticed Margery
 13151 | Snake:5  | a hell knight, wielding a demon trident of distortion fuck
 13211 | Snake:5  | Learned a level 2 spell: Repel Missiles
 13214 | Snake:5  | Learned a level 2 spell: Blink
 13455 | Snake:5  | Killed Margery
 13465 | Snake:5  | Reached skill level 5 in Spellcasting
 13485 | Snake:5  | Acquired Makhleb's fifth power
 13540 | Snake:5  | Mangled by a greater naga
 13541 | Snake:5  | Reached XP level 13. HP: -10/60 MP: 22/29
 13553 | Snake:5  | archaeo: Fight, Pussycat! Kill! Kill!
 13570 | Snake:5  | 4tharraofdagon: gruesome shit
 13570 | Snake:5  | 4tharraofdagon: i swear
 13581 | Snake:5  | archaeo: 4tharra the RIPPER
 13582 | Snake:5  | Reached XP level 14. HP: 62/65 MP: 21/29
 13754 | Snake:5  | Your ally 4tharraofdagon died
 14013 | Snake:5  | Reached skill level 10 in Transmutations
 14879 | Snake:5  | Got a serpentine rune of Zot
 15060 | Snake:4  | Reached XP level 15. HP: 50/69 MP: 3/31
 15122 | Snake:4  | Found Cuviuw's Distillery.
 15132 | Snake:4  | Bought a potion of curing for 28 gold pieces
 15132 | Snake:4  | Bought a potion of mutation for 42 gold pieces
 15132 | Snake:4  | Bought 2 potions of resistance for 196 gold pieces
 15132 | Snake:4  | Bought a potion of speed for 77 gold pieces
 15132 | Snake:4  | Bought a potion of curing for 28 gold pieces
 15132 | Snake:4  | Bought a potion of degeneration for 28 gold pieces
 15132 | Snake:4  | Bought a potion of speed for 77 gold pieces
 15132 | Snake:4  | Bought a potion of curing for 28 gold pieces
 15433 | Lair:4   | Killed a black mamba
 15452 | Shoals:1 | Entered Level 1 of the Shoals
 15547 | Shoals:1 | Noticed Fannar
 15560 | Shoals:1 | Killed Fannar
 15628 | Shoals:1 | Learned a level 7 spell: Dragon Form
 15817 | Shoals:4 | archaeo: ICE BEAST
 15818 | Shoals:4 | archaeo: aw
 15821 | Shoals:4 | archaeo: fr: ice beast 24/7
 15823 | Shoals:4 | archaeo: BE THE BEAST, etc.
 16054 | Shoals:4 | 4tharraofdagon: yet to be dragon
 16062 | Shoals:4 | 4tharraofdagon: FELIDAGON
 16074 | Shoals:4 | Noticed a kraken
 16191 | Shoals:5 | Entered Level 5 of the Shoals
 16346 | Shoals:5 | 4tharraofdagon: lag
 16346 | Shoals:5 | 4tharraofdagon: need refresh
 16540 | Shoals:5 | HP: 4/82 [it] (1)]
 16540 | Shoals:5 | Mangled by a merfolk impaler

Action                   |  1- 3 |  4- 6 |  7- 9 | 10-12 | 13-15 || total
-------------------------+-------+-------+-------+-------+-------++-------
Melee: Unarmed           |     8 |    75 |   203 |   508 |  1693 ||  2487
 Cast: Regeneration      |       |       |       |       |    92 ||    92
       Repel Missiles    |       |       |       |       |    48 ||    48
       Animate Skeleton  |       |       |       |       |    72 ||    72
       Blade Hands       |       |       |       |       |    19 ||    19
       Ice Form          |       |       |       |       |    13 ||    13
Invok: Berserk           |     1 |     5 |     7 |    19 |    11 ||    43
       Trog's Hand       |       |     1 |     8 |    31 |    28 ||    68
       Greater Servant o |       |       |       |       |     1 ||     1
       Brothers in Arms  |       |       |       |       |     1 ||     1
 Abil: Evoke Berserk Rag |       |       |       |       |    25 ||    25
       End Transformatio |       |       |       |       |    13 ||    13
Evoke: Miscellaneous     |       |       |       |     9 |    56 ||    65
  Use: Scroll            |       |       |    16 |    12 |    24 ||    52
       Potion            |       |       |       |     6 |     7 ||    13
 Stab: Sleeping          |       |     2 |     7 |    12 |    97 ||   118
       Distracted        |       |       |       |     2 |    13 ||    15
       Invisible         |       |       |       |     2 |       ||     2
